 Dungeon Crawl Stone Soup version 0.17.1-1-g73c8601 (webtiles) character file.

1862 lordkraft the Covered (level 9, -1/68 HPs)
             Began as a Human Berserker on Dec 10, 2015.
             Was an Elder of Trog.
             Slain by riffraff's ghost (9 damage)
             ... on level 7 of the Dungeon on Dec 11, 2015.
             The game lasted 01:29:41 (9200 turns).

lordkraft the Covered (Human Berserker)             Turns: 9200, Time: 01:29:41

Health: -1/68      AC: 11    Str: 19    XL:     9   Next: 35%
Magic:  9/9        EV: 10    Int:  7    God:    Trog [****..]
Gold:   342        SH:  0    Dex: 15    Spells: 0 memorised, 8 levels left

rFire  . . .     SeeInvis +     a - +0 long sword
rCold  . . .     Clarity  .     I - +0 chain mail
rNeg   . . .     SustAt   .     (no shield)
rPois  +         Gourm    .     (no helmet)
rElec  .         Spirit   .     (no cloak)
rCorr  .         Warding  .     E - +0 pair of gloves
rMut   .         Stasis   .     (no boots)
MR     .....                    m - amulet of faith
Stlth  ..........               G - ring of see invisible
                                b - ring of poison resistance

@: exhausted, slowed, very slow, not resistant to hostile enchantments,
extremely unstealthy
A: no striking features
a: Berserk, Trog's Hand, Brothers in Arms, Burn Spellbooks, Renounce Religion


You were on level 7 of the Dungeon.
You worshipped Trog.
Trog was greatly pleased with you.
You were not hungry.

You visited 1 branch of the dungeon, and saw 7 of its levels.

You collected 445 gold pieces.
You spent 103 gold pieces at shops.

Inventory:

Hand Weapons
 a - a +0 long sword (weapon)
 t - a +0 hunting sling
Missiles
 l - 40 sling bullets
 p - 20 bolts
 s - 99 arrows
 y - 21 sling bullets of frost
Armour
 E - a +0 pair of gloves (worn)
 I - a +0 chain mail (worn)
Jewellery
 b - a ring of poison resistance (left hand)
 m - an amulet of faith (around neck)
 G - a ring of see invisible (right hand)
Scrolls
 e - 4 scrolls of magic mapping
 h - 4 scrolls of remove curse
 k - 2 scrolls of teleportation
 o - 4 scrolls of identify
Potions
 f - a potion of agility {unknown}
 g - 2 potions of magic {unknown}
 i - a potion of degeneration {unknown}
 r - 2 potions of heal wounds {unknown}
 u - 2 potions of resistance {unknown}
 B - a potion of invisibility {unknown}
 D - a potion of poison {unknown}
 F - a potion of lignification {unknown}
 K - a potion of might {unknown}
Comestibles
 c - 3 bread rations
 d - 4 meat rations
 z - 5 fruits
 C - 3 beef jerkies


   Skills:
 + Level 5.3 Fighting
   Level 3.1(4.5) Short Blades
 + Level 4.9(5.4) Long Blades
   Level 0.4 Maces & Flails
 + Level 0.8(2.3) Slings
 + Level 3.6 Throwing
 + Level 6.2 Armour
 + Level 5.6 Dodging
 + Level 1.6 Stealth


You had 8 spell levels left.
You didn't know any spells.

Dungeon Overview and Level Annotations

Branches:
Dungeon (7/15)             Temple (0/1) D:4

Altars:
Gozag
Okawaru
Sif Muna
Trog
Xom
The Shining One

Shops:
D:4 [   D:5 :

Annotations:
D:7 riffraff's ghost, novice MiBe


Message History

You hit riffraff's ghost but do no damage.
Riffraff's ghost hits you but does no damage.
Riffraff's ghost closely misses you.
Your chain mail prevents you from hitting riffraff's ghost.
Riffraff's ghost hits you but does no damage.
You closely miss riffraff's ghost. Riffraff's ghost hits you!
Riffraff's ghost hits you!
* * * LOW HITPOINT WARNING * * *
Press: ? - help, v - describe, . - travel The floor.
Read which item? (? for menu, Esc to quit)
As you read the scroll of teleportation, it crumbles to dust.
You feel strangely unstable. Riffraff's ghost hits you!
* * * LOW HITPOINT WARNING * * *
Read which item? (? for menu, Esc to quit)
As you read the scroll of teleportation, it crumbles to dust.
You feel strangely stable.
Riffraff's ghost hits you but does no damage.
Riffraff's ghost hits you!
You die...

... .. ## .) .#
#. .#. ##(#
#))# #)## #
#@##.#.#.
#######.W......
........#..#.#.
#######.##.#
######.##.###
#...........#
#.####.#..###
#.#..... #.#
#####


You could see riffraff's ghost.

Vanquished Creatures
  Eustachio (D:6)
  A black bear (D:5)
  2 orc warriors
  A sky beast (D:5)
  A phantom (D:6)
  An ogre (D:5)
  An ice beast (D:7)
  A centaur (D:6)
  A water moccasin zombie (D:6)
  The ghost of Deemzul the Insei, a weakling OpMo (D:4)
  A centaur zombie (D:5)
  7 orc wizards
  A jelly (D:6)
  A hound (D:4)
  7 orc priests
  A centaur skeleton (D:5)
  Terence (D:3)
  Natasha (thrice) (D:3)
  2 iguanas
  4 worker ants
  2 hound skeletons (D:6)
  A worker ant zombie (D:5)
  3 gnolls (D:4)
  8 adders
  An ooze (D:3)
  An adder skeleton (D:6)
  3 worms
  23 orcs
  A ball python (D:3)
  2 bats (D:1)
  8 goblins
  7 hobgoblins
  2 quokkas
  4 giant cockroaches
  3 giant geckos
  A giant gecko skeleton (D:6)
  7 giant newts
  10 kobolds
  A quokka skeleton (D:3)
  4 rats
  A butterfly (D:5)
132 creatures vanquished.

Notes
Turn   | Place    | Note
--------------------------------------------------------------
     0 | D:1      | lordkraft the Human Berserker began the quest for the Orb.
     0 | D:1      | Reached XP level 1. HP: 18/18 MP: 1/1
   487 | D:1      | Reached XP level 2. HP: 24/24 MP: 2/2
  1472 | D:2      | Reached XP level 3. HP: 29/29 MP: 3/3
  1595 | D:2      | Reached ** piety under Trog
  1999 | D:2      | Found an iron altar of Okawaru.
  2425 | D:2      | Reached XP level 4. HP: 36/36 MP: 4/4
  2467 | D:3      | Reached skill level 1 in Throwing
  2467 | D:3      | Reached XP level 5. HP: 35/41 MP: 5/5
  2514 | D:3      | Found an opulent altar of Gozag.
  2571 | D:3      | Noticed Terence
  2580 | D:3      | Killed Terence
  2580 | D:3      | Reached skill level 1 in Stealth
  2682 | D:3      | Found a deep blue altar of Sif Muna.
  3305 | D:3      | Reached skill level 1 in Long Blades
  3347 | D:3      | Reached XP level 6. HP: 45/48 MP: 6/6
  3499 | D:3      | Noticed Natasha
  3759 | D:3      | Killed Natasha
  3875 | D:3      | Noticed Natasha
  3888 | D:3      | Killed Natasha
  4002 | D:3      | Noticed Natasha
  4008 | D:3      | Killed Natasha
  4148 | D:3      | Found a bloodstained altar of Trog.
  4258 | D:4      | Reached skill level 4 in Fighting
  4390 | D:4      | Noticed Deemzul's ghost (weakling OpMo)
  4392 | D:4      | Found a staircase to the Ecumenical Temple.
  4411 | D:4      | Killed Deemzul's ghost
  4924 | D:4      | Found Boeshrow's Antique Armour Emporium.
  4939 | D:4      | Bought a pair of gloves for 103 gold pieces
  5138 | D:4      | Reached XP level 7. HP: 54/54 MP: 7/7
  5344 | D:4      | Upgraded the game from 0.17.0-73-gb648821 to 0.17.1-1-g73c8601
  5397 | D:5      | Entered Level 5 of the Dungeon
  5420 | D:5      | Found Noudgh's Book Boutique.
  5672 | D:5      | Found a shimmering altar of Xom.
  5808 | D:5      | Reached *** piety under Trog
  6530 | D:5      | Reached XP level 8. HP: 27/61 MP: 8/8
  6817 | D:5      | Reached skill level 5 in Armour
  8010 | D:6      | Reached skill level 5 in Dodging
  8125 | D:6      | Noticed Eustachio
  8139 | D:6      | Killed Eustachio
  8139 | D:6      | Reached skill level 5 in Fighting
  8139 | D:6      | Reached XP level 9. HP: 68/68 MP: 9/9
  8308 | D:6      | Reached **** piety under Trog
  8645 | D:6      | Found a glowing golden altar of the Shining One.
  8933 | D:6      | Reached skill level 6 in Armour
  9190 | D:7      | Noticed riffraff's ghost (novice MiBe)
  9200 | D:7      | Slain by riffraff's ghost

Action                   |  1- 3 |  4- 6 |  7- 9 || total
-------------------------+-------+-------+-------++-------
Melee: Short sword       |    14 |       |       ||    14
       Mace              |    28 |       |       ||    28
       Long sword        |    35 |   158 |   316 ||   509
 Fire: Hunting sling     |       |     9 |       ||     9
Throw: Stone             |    44 |    67 |    24 ||   135
       Tomahawk          |       |       |    15 ||    15
Invok: Berserk           |     5 |     4 |    11 ||    20
       Trog's Hand       |     2 |     4 |     3 ||     9
       Burn Spellbooks   |       |       |     1 ||     1
  Use: Scroll            |     5 |     1 |     7 ||    13
  Eat: Chunk             |     9 |     5 |     9 ||    23
       Beef jerky        |       |     1 |       ||     1
       Meat ration       |       |     1 |       ||     1
       Pizza             |       |     1 |       ||     1
       Fruit             |       |       |     3 ||     3
       Bread ration      |       |       |     3 ||     3
       Royal jelly       |       |       |     1 ||     1
